| TOP OF THE 1ST |
|
Bristol Pirates batting - Pitching for Danville Braves : RHP Jose Rivero
|
|
Pitching: RHP Jose Rivero
|
|
|
Batting: RHB Ryan Thurston
|
0-0: Ball 1-0: Ball 2-0: SINGLE (Groundball, 6D, EV 100.0 MPH)
|
|
Batting: LHB Tommie Benefield
|
0-0: Called Strike 0-1: Ball 1-1: Swinging Strike 1-2: Strikes out looking
|
|
Batting: RHB Jon Solis
|
0-0: Called Strike 0-1: Foul Ball, location: 2F 0-2: Foul Ball, location: 2F 0-2: Strikes out swinging
|
|
Batting: SHB Juan Ayala
|
0-0: Ball Ryan Thurston is caught stealing 2nd base 2-6
|
| Top of the 1st over - 0 runs, 1 hit, 0 errors, 0 left on base; Bristol 0 - Danville 0 |
| BOTTOM OF THE 1ST |
|
Danville Braves batting - Pitching for Bristol Pirates : LHP Ernesto Gasca
|
|
Pitching: LHP Ernesto Gasca
|
|
|
Batting: RHB Danny Dimas
|
0-0: Foul Ball, location: 2F 0-1: Foul Ball, location: 2F 0-2: Ball 1-2: Strikes out swinging
|
|
Batting: RHB Mennad Maalik
|
0-0: Ball 1-0: Ball 2-0: Ball 3-0: Base on Balls
|
|
Batting: RHB Rodolfo Cosme
|
0-0: Called Strike 0-1: Ball 1-1: Fly out, F7 (Flyball, 78S, EV 88.1 MPH)
|
|
Batting: RHB Paul Holland
|
0-0: SINGLE (Groundball, 6, EV 95.6 MPH) Mennad Maalik to second
|
|
Batting: RHB Ricardo Joya
|
0-0: Ball 1-0: Foul Ball, location: 2F 1-1: Foul Ball, location: 2F 1-2: Strikes out swinging
|
| Bottom of the 1st over - 0 runs, 1 hit, 0 errors, 2 left on base; Bristol 0 - Danville 0 |
| TOP OF THE 2ND |
|
Bristol Pirates batting - Pitching for Danville Braves : RHP Jose Rivero
|
|
Batting: SHB Juan Ayala
|
0-0: SINGLE (Line Drive, 34D, EV 96.9 MPH)
|
|
Batting: SHB Nathan Clement
|
0-0: Hit by Pitch Juan Ayala to second
|
|
Batting: LHB Damien Cohen
|
0-0: Ball 1-0: Ball 2-0: Ball 3-0: Called Strike 3-1: Foul Ball, location: 2F 3-2: Foul Ball, location: 2F 3-2: Strikes out swinging
|
|
Batting: LHB Ernesto Gasca
|
0-0: Ball 1-0: Ground out 3-1 (Groundball, 34S, EV 66.9 MPH) Juan Ayala to third Nathan Clement to second
|
|
Batting: RHB Brian Brewster
|
0-0: Ball 1-0: Swinging Strike 1-1: Called Strike 1-2: Ball 2-2: Strikes out swinging
|
| Top of the 2nd over - 0 runs, 1 hit, 0 errors, 2 left on base; Bristol 0 - Danville 0 |
| BOTTOM OF THE 2ND |
|
Danville Braves batting - Pitching for Bristol Pirates : LHP Ernesto Gasca
|
|
Batting: RHB Vicente Guillen
|
0-0: Fly out, F8 (Line Drive, 8LM, EV 91.9 MPH)
|
|
Batting: RHB Alex Guerra
|
0-0: Ground out 6-3 (Groundball, 6, EV 80.0 MPH)
|
|
Batting: RHB Aaron Sartini
|
0-0: Called Strike 0-1: Swinging Strike 0-2: Ground out 1-3 (Groundball, 13S, EV 63.8 MPH)
|
| Bottom of the 2nd over - 0 runs, 0 hits, 0 errors, 0 left on base; Bristol 0 - Danville 0 |
| TOP OF THE 3RD |
|
Bristol Pirates batting - Pitching for Danville Braves : RHP Jose Rivero
|
|
Batting: RHB Zachery Loomis
|
0-0: Foul Ball, location: 2F 0-1: Ball 1-1: Ball 2-1: Ball 3-1: Foul Ball, location: 2F 3-2: SINGLE (Groundball, 56D, EV 104.4 MPH)
|
|
Batting: RHB Ryan Thurston
|
0-0: Ball 1-0: Fielders Choice at 2nd, 5-4 (Groundball, 56, EV 99.4 MPH)
|
|
Batting: LHB Tommie Benefield
|
0-0: Ball 1-0: Ball 2-0: Swinging Strike 2-1: Ball 3-1: Foul Ball, location: 2F 3-2: Base on Balls Ryan Thurston to second
|
|
Batting: RHB Jon Solis
|
0-0: Ball 1-0: Foul Ball, location: 2F 1-1: Foul Ball, location: 2F 1-2: Ground out 5-3 (Groundball, 56S, EV 69.4 MPH) Ryan Thurston to third Tommie Benefield to second
|
|
Batting: SHB Juan Ayala
|
0-0: Ball 1-0: SINGLE (Line Drive, 8LS, EV 90.6 MPH) Ryan Thurston scores Tommie Benefield to third Runner from 3rd tries for Home, SAFE, throw by CF to home
|
|
Batting: SHB Nathan Clement
|
0-0: Ball Wild Pitch! Juan Ayala to second 1-0: Called Strike 1-1: Swinging Strike 1-2: Ball 2-2: Strikes out swinging
|
| Top of the 3rd over - 2 runs, 2 hits, 0 errors, 1 left on base; Bristol 2 - Danville 0 |
| BOTTOM OF THE 3RD |
|
Danville Braves batting - Pitching for Bristol Pirates : LHP Ernesto Gasca
|
|
Batting: RHB Chad Starnes
|
0-0: Foul Ball, location: 2F 0-1: Ball 1-1: Swinging Strike 1-2: Ball 2-2: Ball 3-2: Strikes out looking
|
|
Batting: RHB Danny Dimas
|
0-0: Ball 1-0: Ball 2-0: Called Strike 2-1: Called Strike 2-2: Ball 3-2: Ground out 4-3 (Groundball, 4S, EV 83.8 MPH)
|
|
Batting: RHB Mennad Maalik
|
0-0: Ball 1-0: Ball 2-0: Foul Ball, location: 2F 2-1: Ball 3-1: Called Strike 3-2: Foul Ball, location: 2F 3-2: Foul Ball, location: 2F 3-2: Foul Ball, location: 2F 3-2: Foul Ball, location: 2F 3-2: Ground out 4-3 (Groundball, 4, EV 84.4 MPH)
|
| Bottom of the 3rd over - 0 runs, 0 hits, 0 errors, 0 left on base; Bristol 2 - Danville 0 |
| TOP OF THE 4TH |
|
Bristol Pirates batting - Pitching for Danville Braves : RHP Jose Rivero
|
|
Batting: LHB Damien Cohen
|
0-0: Called Strike 0-1: Ball 1-1: Foul Ball, location: 2F 1-2: Ball 2-2: Foul Ball, location: 2F 2-2: Strikes out swinging
|
|
Batting: LHB Ernesto Gasca
|
0-0: Ground out 4-3 (Groundball, 4D, EV 86.2 MPH)
|
|
Batting: RHB Brian Brewster
|
0-0: Ball 1-0: Foul Ball, location: 2F 1-1: Foul Ball, location: 2F 1-2: Fly out, F7 (Flyball, 78D, EV 97.5 MPH)
|
| Top of the 4th over - 0 runs, 0 hits, 0 errors, 0 left on base; Bristol 2 - Danville 0 |
| BOTTOM OF THE 4TH |
|
Danville Braves batting - Pitching for Bristol Pirates : LHP Ernesto Gasca
|
|
Batting: RHB Rodolfo Cosme
|
0-0: Ball 1-0: Ball 2-0: Called Strike 2-1: Ground out 5-3 (Groundball, 5L, EV 108.1 MPH)
|
|
Batting: RHB Paul Holland
|
0-0: Fly out, F8 (Flyball, 78M, EV 91.9 MPH)
|
|
Batting: RHB Ricardo Joya
|
0-0: Called Strike 0-1: Ground out 6-3 (Groundball, P, EV 78.1 MPH)
|
| Bottom of the 4th over - 0 runs, 0 hits, 0 errors, 0 left on base; Bristol 2 - Danville 0 |
| TOP OF THE 5TH |
|
Bristol Pirates batting - Pitching for Danville Braves : RHP Jose Rivero
|
|
Batting: RHB Zachery Loomis
|
0-0: Ball 1-0: Called Strike 1-1: Foul Ball, location: 2F 1-2: Ball 2-2: Fly out, F2 (Popup, 2RF, EV 93.1 MPH)
|
|
Batting: RHB Ryan Thurston
|
0-0: Foul Ball, location: 2F 0-1: Swinging Strike 0-2: Ball 1-2: Ball 2-2: Ball 3-2: Strikes out looking
|
|
Batting: LHB Tommie Benefield
|
0-0: Called Strike 0-1: Foul Ball, location: 2F 0-2: Ball 1-2: Ball 2-2: Foul Ball, location: 2F 2-2: Foul Ball, location: 2F 2-2: Foul Ball, location: 2F 2-2: Strikes out swinging
|
| Top of the 5th over - 0 runs, 0 hits, 0 errors, 0 left on base; Bristol 2 - Danville 0 |
| BOTTOM OF THE 5TH |
|
Danville Braves batting - Pitching for Bristol Pirates : LHP Ernesto Gasca
|
|
Batting: RHB Vicente Guillen
|
0-0: Ball 1-0: Reached on error, E6 (Groundball, 6, EV 86.9 MPH)
|
|
Batting: RHB Alex Guerra
|
0-0: Fly out, F8 (Line Drive, 8LM, EV 91.2 MPH)
|
|
Batting: RHB Aaron Sartini
|
0-0: Ball 1-0: Ground out 5-3 (Groundball, 5, EV 105.0 MPH)
|
|
Batting: RHB Chad Starnes
|
0-0: SINGLE (Line Drive, 4D, EV 96.9 MPH) Vicente Guillen to third
|
|
Batting: RHB Danny Dimas
|
0-0: Fielders Choice at 2nd, 6-4 (Groundball, 6, EV 83.8 MPH)
|
| Bottom of the 5th over - 0 runs, 1 hit, 1 error, 2 left on base; Bristol 2 - Danville 0 |
| TOP OF THE 6TH |
|
Bristol Pirates batting - Pitching for Danville Braves : RHP Jose Rivero
|
|
Pitching: RHP Alex Rosales
|
|
|
Batting: RHB Jon Solis
|
0-0: Swinging Strike 0-1: Called Strike 0-2: Ball 1-2: Foul Ball, location: 2F 1-2: Ball 2-2: Foul Ball, location: 2F 2-2: Foul Ball, location: 2F 2-2: Ground out 5-3 (Groundball, 56S, EV 69.4 MPH)
|
|
Batting: SHB Juan Ayala
|
0-0: Foul Ball, location: 2F 0-1: Ball 1-1: Called Strike 1-2: Strikes out swinging
|
|
Batting: SHB Nathan Clement
|
0-0: Foul Ball, location: 2F 0-1: Called Strike 0-2: Strikes out looking
|
| Top of the 6th over - 0 runs, 0 hits, 0 errors, 0 left on base; Bristol 2 - Danville 0 |
| BOTTOM OF THE 6TH |
|
Danville Braves batting - Pitching for Bristol Pirates : LHP Ernesto Gasca
|
|
Batting: RHB Mennad Maalik
|
0-0: Ball 1-0: Foul Ball, location: 2F 1-1: Ball 2-1: SINGLE (Line Drive, 34, EV 100.0 MPH)
|
|
Batting: RHB Rodolfo Cosme
|
0-0: Ball 1-0: Ball 2-0: Foul Ball, location: 2F 2-1: Foul Ball, location: 2F 2-2: Foul Ball, location: 2F 2-2: Ground out 4-3 (Groundball, 34, EV 84.4 MPH) Mennad Maalik to second
|
|
Batting: RHB Paul Holland
|
0-0: Ball 1-0: 2-RUN HOME RUN (Flyball, 7LD, EV 97.5 MPH), Distance : 376 ft
|
|
Pitching: LHP Ighlas Kumbuka
|
|
|
Batting: RHB Ricardo Joya
|
0-0: Fly out, F9 (Flyball, 9LD, EV 103.8 MPH)
|
|
Batting: RHB Vicente Guillen
|
0-0: Ball 1-0: Called Strike 1-1: Foul Ball, location: 2F 1-2: Fly out, F9 (Flyball, 89M, EV 91.2 MPH)
|
| Bottom of the 6th over - 2 runs, 2 hits, 0 errors, 0 left on base; Bristol 2 - Danville 2 |
| TOP OF THE 7TH |
|
Bristol Pirates batting - Pitching for Danville Braves : RHP Alex Rosales
|
|
Batting: LHB Damien Cohen
|
0-0: Ball 1-0: Foul Ball, location: 2F 1-1: Ground out U3 (Groundball, 34S, EV 81.2 MPH)
|
|
Batting: LHB Ernesto Gasca
|
0-0: Ball 1-0: Called Strike 1-1: Called Strike 1-2: Strikes out swinging
|
|
Batting: RHB Brian Brewster
|
0-0: Ball 1-0: Foul Ball, location: 2F 1-1: Foul Ball, location: 2F 1-2: Ball 2-2: Ball 3-2: Strikes out swinging
|
| Top of the 7th over - 0 runs, 0 hits, 0 errors, 0 left on base; Bristol 2 - Danville 2 |
| BOTTOM OF THE 7TH |
|
Danville Braves batting - Pitching for Bristol Pirates : LHP Ighlas Kumbuka
|
|
Batting: RHB Alex Guerra
|
0-0: Called Strike 0-1: Ball 1-1: Ball 2-1: Ball 3-1: Fly out, F7 (Flyball, 7LM, EV 92.5 MPH)
|
|
Batting: RHB Aaron Sartini
|
0-0: Foul Ball, location: 2F 0-1: Ball 1-1: Ball 2-1: Ball 3-1: Base on Balls
|
|
Batting: RHB Chad Starnes
|
0-0: Called Strike 0-1: Foul Ball, location: 2F 0-2: Ball 1-2: Foul Ball, location: 2F 1-2: SINGLE (Groundball, 6M, EV 99.4 MPH) (infield hit) Aaron Sartini to second
|
|
Batting: RHB Danny Dimas
|
0-0: Called Strike 0-1: Swinging Strike 0-2: Ball 1-2: Foul Ball, location: 2F 1-2: Ball 2-2: Ball 3-2: Foul Ball, location: 2F 3-2: Foul Ball, location: 2F 3-2: Foul Ball, location: 2F 3-2: Fly out, F8 (Flyball, 8LM, EV 87.5 MPH)
|
|
Pitching: RHP Sean Elder
|
|
|
Batting: RHB Richard Saquic
|
0-0: Foul Ball, location: 2F 0-1: Ground out 5-3 (Groundball, 56S, EV 93.1 MPH)
|
| Bottom of the 7th over - 0 runs, 1 hit, 0 errors, 2 left on base; Bristol 2 - Danville 2 |
| TOP OF THE 8TH |
|
Bristol Pirates batting - Pitching for Danville Braves : RHP Alex Rosales
|
|
Batting: RHB Zachery Loomis
|
0-0: Called Strike 0-1: Swinging Strike 0-2: Ball 1-2: Ground out 4-3 (Groundball, 4, EV 83.8 MPH)
|
|
Pinch Hitting: LHB Sun-wei Kuai
|
0-0: Ball 1-0: Called Strike 1-1: Ball 2-1: Foul Ball, location: 2F 2-2: Ground out 3-1 (Groundball, 34, EV 88.8 MPH)
|
|
Batting: LHB Tommie Benefield
|
0-0: Foul Ball, location: 2F 0-1: Foul Ball, location: 2F 0-2: Ball 1-2: Strikes out swinging, 2-3 out at first.
|
| Top of the 8th over - 0 runs, 0 hits, 0 errors, 0 left on base; Bristol 2 - Danville 2 |
| BOTTOM OF THE 8TH |
|
Danville Braves batting - Pitching for Bristol Pirates : RHP Sean Elder
|
|
Now in CF: Sun-wei Kuai
|
|
|
Batting: RHB Rodolfo Cosme
|
0-0: Ball 1-0: Ball 2-0: Foul Ball, location: 2F 2-1: Called Strike 2-2: Foul Ball, location: 2F 2-2: Ball 3-2: Base on Balls
|
|
Batting: RHB Paul Holland
|
0-0: Ball 1-0: Grounds into double play, 4-6-3 (Groundball, 4, EV 88.1 MPH)
|
|
Batting: RHB Ricardo Joya
|
0-0: Ball 1-0: Ball 2-0: Ball 3-0: Called Strike 3-1: Ground out 5-3 (Groundball, 56S, EV 80.0 MPH)
|
| Bottom of the 8th over - 0 runs, 0 hits, 0 errors, 0 left on base; Bristol 2 - Danville 2 |
| TOP OF THE 9TH |
|
Bristol Pirates batting - Pitching for Danville Braves : RHP Alex Rosales
|
|
Pitching: RHP Outa Tamura
|
|
|
Batting: RHB Jon Solis
|
0-0: Called Strike 0-1: Ball 1-1: Ground out 5-3 (Groundball, 5S, EV 78.1 MPH)
|
|
Batting: SHB Juan Ayala
|
0-0: Foul Ball, location: 2F 0-1: Ball 1-1: Swinging Strike 1-2: Ball 2-2: Foul Ball, location: 2F 2-2: Foul Ball, location: 2F 2-2: Strikes out swinging wild pitch, reaches first!
|
|
Batting: SHB Nathan Clement
|
0-0: Foul Ball, location: 2F 0-1: Fly out, F5 (Line Drive, 5, EV 63.8 MPH)
|
|
Pinch Hitting: RHB Matt Derrien
|
0-0: Called Strike 0-1: Ball 1-1: Ground out 6-3 (Groundball, 6S, EV 70.6 MPH)
|
| Top of the 9th over - 0 runs, 0 hits, 0 errors, 1 left on base; Bristol 2 - Danville 2 |
| BOTTOM OF THE 9TH |
|
Danville Braves batting - Pitching for Bristol Pirates : RHP Sean Elder
|
|
Now at 1B: Oscar Munoz
|
|
|
Batting: RHB Vicente Guillen
|
0-0: Ball 1-0: Called Strike 1-1: Reached on error, E4 (Groundball, 4M, EV 83.8 MPH)
|
|
Pinch Hitting: RHB Roman Lauder
|
0-0: Intentional Walk
|
|
Pinch Hitting: RHB Jesus Diego
|
0-0: Bunt missed! 0-1: Ball 1-1: Sac Bunt to 3S - play at first, batter OUT! 3-4 Vicente Guillen to third Roman Lauder to second
|
|
Batting: RHB Chad Starnes
|
0-0: Ball 1-0: Called Strike 1-1: Fielders Choice at home, 3-2 (Groundball, 34S, EV 85.6 MPH) Roman Lauder to third
|
|
Batting: RHB Danny Dimas
|
0-0: Ball 1-0: Called Strike 1-1: Ball 2-1: Ball 3-1: Foul Ball, location: 2F 3-2: Foul Ball, location: 2F 3-2: Base on Balls Chad Starnes to second
|
|
Pitching: RHP Otok Barleyfoot
|
|
|
Batting: RHB Richard Saquic
|
0-0: Ball 1-0: Called Strike 1-1: Ball 2-1: Fly out, F8 (Flyball, 8LM, EV 92.5 MPH)
|
| Bottom of the 9th over - 0 runs, 0 hits, 1 error, 3 left on base; Bristol 2 - Danville 2 |
| TOP OF THE 10TH |
|
Bristol Pirates batting - Pitching for Danville Braves : RHP Outa Tamura
|
|
Now in LF: James Anderson
|
|
|
Now in RF: Bart Stevensdick
|
|
|
Batting: LHB Ernesto Gasca
|
0-0: Called Strike 0-1: Fly out, F7 (Flyball, 7, EV 91.9 MPH)
|
|
Batting: RHB Brian Brewster
|
0-0: Ball 1-0: Swinging Strike 1-1: Called Strike 1-2: Strikes out swinging
|
|
Pinch Hitting: RHB Oscar Mora
|
0-0: Ground out 6-3 (Groundball, 6, EV 105.0 MPH)
|
| Top of the 10th over - 0 runs, 0 hits, 0 errors, 0 left on base; Bristol 2 - Danville 2 |
| BOTTOM OF THE 10TH |
|
Danville Braves batting - Pitching for Bristol Pirates : RHP Otok Barleyfoot
|
|
Pitching: RHP Tomas Cavazos
|
|
|
Now at SS: Jason Rhodes
|
|
|
Batting: RHB Rodolfo Cosme
|
0-0: Foul Ball, location: 2F 0-1: Swinging Strike 0-2: Ground out 6-3 (Groundball, 6D, EV 90.6 MPH)
|
|
Batting: RHB Paul Holland
|
0-0: DOUBLE (Line Drive, 78M, EV 97.5 MPH)
|
|
Batting: RHB Ricardo Joya
|
0-0: Intentional Walk
|
|
Batting: RHB Vicente Guillen
|
0-0: Called Strike 0-1: Foul Ball, location: 2F 0-2: Ball 1-2: Ball 2-2: Ball 3-2: Foul Ball, location: 2F 3-2: Fielders Choice at 2nd, 5-4 (Groundball, 56, EV 78.8 MPH) Paul Holland to third
|
|
Batting: RHB James Anderson
|
0-0: Swinging Strike Pickoff Throw to First - Out! 1-3
|
| Bottom of the 10th over - 0 runs, 1 hit, 0 errors, 1 left on base; Bristol 2 - Danville 2 |
| TOP OF THE 11TH |
|
Bristol Pirates batting - Pitching for Danville Braves : RHP Outa Tamura
|
|
Batting: LHB Sun-wei Kuai
|
0-0: Called Strike 0-1: Foul Ball, location: 2F 0-2: Ground out U3 (Groundball, 3, EV 85.6 MPH)
|
|
Batting: LHB Tommie Benefield
|
0-0: Ball 1-0: Fly out, F9 (Flyball, 89S, EV 75.0 MPH)
|
|
Batting: RHB Jon Solis
|
0-0: Foul Ball, location: 2F 0-1: Swinging Strike 0-2: Foul Ball, location: 2F 0-2: Ball 1-2: Ball 2-2: Strikes out swinging
|
| Top of the 11th over - 0 runs, 0 hits, 0 errors, 0 left on base; Bristol 2 - Danville 2 |
| BOTTOM OF THE 11TH |
|
Danville Braves batting - Pitching for Bristol Pirates : RHP Tomas Cavazos
|
|
Batting: RHB James Anderson
|
0-0: Called Strike 0-1: Fly out, F6 (Line Drive, 6, EV 61.9 MPH)
|
|
Batting: RHB Bart Stevensdick
|
0-0: Swinging Strike 0-1: SINGLE (Groundball, 4MD, EV 109.4 MPH) (infield hit)
|
|
Batting: RHB Chad Starnes
|
0-0: Called Strike 0-1: Called Strike 0-2: Strikes out swinging
|
|
Batting: RHB Danny Dimas
|
0-0: Ball 1-0: Ground out 5-3 (Groundball, 56S, EV 87.5 MPH)
|
| Bottom of the 11th over - 0 runs, 1 hit, 0 errors, 1 left on base; Bristol 2 - Danville 2 |
| TOP OF THE 12TH |
|
Bristol Pirates batting - Pitching for Danville Braves : RHP Outa Tamura
|
|
Pitching: LHP Frank Donegan
|
|
|
Batting: SHB Juan Ayala
|
0-0: Called Strike 0-1: Ball 1-1: Foul Ball, location: 2F 1-2: Foul Ball, location: 2F 1-2: Fly out, F8 (Flyball, 8RXD, EV 105.0 MPH)
|
|
Batting: SHB Nathan Clement
|
0-0: Ball 1-0: Ball 2-0: Ball 3-0: Called Strike 3-1: Foul Ball, location: 2F 3-2: Foul Ball, location: 2F 3-2: Strikes out swinging
|
|
Batting: RHB Oscar Munoz
|
0-0: Called Strike 0-1: Ball 1-1: Ball 2-1: Foul Ball, location: 2F 2-2: Ground out 4-3 (Groundball, 4M, EV 75.6 MPH)
|
| Top of the 12th over - 0 runs, 0 hits, 0 errors, 0 left on base; Bristol 2 - Danville 2 |
| BOTTOM OF THE 12TH |
|
Danville Braves batting - Pitching for Bristol Pirates : RHP Tomas Cavazos
|
|
Batting: RHB Richard Saquic
|
0-0: SINGLE (Line Drive, 78S, EV 103.1 MPH)
|
|
Batting: RHB Rodolfo Cosme
|
0-0: Ball 1-0: Ball Pickoff Throw by Catcher to First - Out! 2-0: Foul Ball, location: 2F 2-1: Foul Ball, location: 2F 2-2: Ball 3-2: Strikes out swinging
|
|
Batting: RHB Paul Holland
|
0-0: Called Strike 0-1: Foul Ball, location: 2F 0-2: Foul Ball, location: 2F 0-2: Ball 1-2: Strikes out swinging
|
| Bottom of the 12th over - 0 runs, 1 hit, 0 errors, 0 left on base; Bristol 2 - Danville 2 |
| TOP OF THE 13TH |
|
Bristol Pirates batting - Pitching for Danville Braves : LHP Frank Donegan
|
|
Batting: LHB Ernesto Gasca
|
0-0: Ball 1-0: Ball 2-0: Called Strike 2-1: Ball 3-1: Swinging Strike 3-2: Foul Ball, location: 2F 3-2: Foul Ball, location: 2F 3-2: Base on Balls
|
|
Batting: RHB Brian Brewster
|
0-0: Ball Wild Pitch! Ernesto Gasca to second 1-0: Ball 2-0: Swinging Strike 2-1: Ball 3-1: Called Strike 3-2: Foul Ball, location: 2F 3-2: Foul Ball, location: 2F 3-2: Foul Ball, location: 2F 3-2: Foul Ball, location: 2F 3-2: Foul Ball, location: 2F 3-2: Foul Ball, location: 2F 3-2: Foul Ball, location: 2F 3-2: SINGLE (Line Drive, 56D, EV 102.5 MPH) Ernesto Gasca to third
|
|
Pitching: LHP Ben Woods
|
|
|
Batting: RHB Jason Rhodes
|
0-0: Swinging Strike 0-1: Ball 1-1: Fielders Choice at 2nd, 1-6 (Groundball, 13S, EV 77.5 MPH)
|
|
Batting: LHB Sun-wei Kuai
|
0-0: Called Strike 0-1: Grounds into double play, 4-6-3 (Groundball, 4, EV 111.9 MPH)
|
| Top of the 13th over - 0 runs, 1 hit, 0 errors, 1 left on base; Bristol 2 - Danville 2 |
| BOTTOM OF THE 13TH |
|
Danville Braves batting - Pitching for Bristol Pirates : RHP Tomas Cavazos
|
|
Pitching: RHP Dustin Hamblin
|
|
|
Batting: RHB Ricardo Joya
|
0-0: Foul Ball, location: 2F 0-1: SINGLE (Line Drive, 56D, EV 100.0 MPH)
|
|
Batting: RHB Vicente Guillen
|
0-0: Swinging Strike 0-1: Called Strike 0-2: Strikes out swinging
|
|
Batting: RHB James Anderson
|
0-0: Foul Ball, location: 2F 0-1: Ball Wild Pitch! Ricardo Joya to second 1-1: Ball 2-1: Foul Ball, location: 2F 2-2: Strikes out swinging
|
|
Batting: RHB Bart Stevensdick
|
0-0: Intentional Walk
|
|
Batting: RHB Chad Starnes
|
0-0: Called Strike 0-1: Foul Ball, location: 2F 0-2: SINGLE (Line Drive, 34D, EV 95.6 MPH) Ricardo Joya to third Bart Stevensdick to second
|
|
Batting: RHB Danny Dimas
|
0-0: Called Strike 0-1: Ball 1-1: Foul Ball, location: 2F 1-2: Ball 2-2: Ball 3-2: Foul Ball, location: 2F 3-2: Foul Ball, location: 2F 3-2: Strikes out swinging
|
| Bottom of the 13th over - 0 runs, 2 hits, 0 errors, 3 left on base; Bristol 2 - Danville 2 |
| TOP OF THE 14TH |
|
Bristol Pirates batting - Pitching for Danville Braves : LHP Ben Woods
|
|
Pinch Hitting: RHB Ilija Panic
|
0-0: Ball 1-0: Ball 2-0: Ball 3-0: Called Strike 3-1: Base on Balls
|
|
Batting: RHB Jon Solis
|
0-0: Ball 1-0: Ball 2-0: Called Strike 2-1: Ball 3-1: Called Strike 3-2: Foul Ball, location: 2F 3-2: Base on Balls Ilija Panic to second
|
|
Batting: SHB Juan Ayala
|
0-0: Called Strike 0-1: Foul Ball, location: 2F 0-2: Foul Ball, location: 2F 0-2: Ball 1-2: Foul Ball, location: 2F 1-2: Strikes out swinging
|
|
Batting: SHB Nathan Clement
|
0-0: Called Strike 0-1: Ball 1-1: Fielders Choice at 2nd, 4-6 (Groundball, 4S, EV 91.9 MPH) Ilija Panic to third
|
|
Batting: RHB Oscar Munoz
|
0-0: Ball 1-0: Ball 2-0: Called Strike 2-1: Ball 3-1: Called Strike 3-2: Foul Ball, location: 2F 3-2: Fly out, F8 (Line Drive, 8LD, EV 94.4 MPH)
|
| Top of the 14th over - 0 runs, 0 hits, 0 errors, 2 left on base; Bristol 2 - Danville 2 |
| BOTTOM OF THE 14TH |
|
Danville Braves batting - Pitching for Bristol Pirates : RHP Dustin Hamblin
|
|
Pitching: LHP Angel Juarez
|
|
|
Now in CF: Ilija Panic
|
|
|
Now in RF: Sun-wei Kuai
|
|
|
Batting: RHB Richard Saquic
|
0-0: Ball 1-0: Ball 2-0: Called Strike 2-1: Ball 3-1: Called Strike 3-2: Foul Ball, location: 2F 3-2: Fly out, F8 (Line Drive, 78D, EV 92.5 MPH)
|
|
Batting: RHB Rodolfo Cosme
|
0-0: Ball 1-0: Fly out, F8 (Flyball, 8RM, EV 83.1 MPH)
|
|
Batting: RHB Paul Holland
|
0-0: Ball 1-0: Ball 2-0: Foul Ball, location: 2F 2-1: Ball 3-1: Fly out, F7 (Flyball, 7, EV 83.1 MPH)
|
| Bottom of the 14th over - 0 runs, 0 hits, 0 errors, 0 left on base; Bristol 2 - Danville 2 |
| TOP OF THE 15TH |
|
Bristol Pirates batting - Pitching for Danville Braves : LHP Ben Woods
|
|
Pitching: LHP Joel Littlejohn
|
|
|
Batting: LHB Ernesto Gasca
|
0-0: Ball 1-0: Foul Ball, location: 2F 1-1: Ground out 5-3 (Groundball, 56, EV 106.2 MPH)
|
|
Batting: RHB Brian Brewster
|
0-0: Ground out 4-3 (Groundball, 4, EV 98.1 MPH)
|
|
Batting: RHB Jason Rhodes
|
0-0: Ground out 6-3 (Groundball, 4MS, EV 88.1 MPH)
|
| Top of the 15th over - 0 runs, 0 hits, 0 errors, 0 left on base; Bristol 2 - Danville 2 |
| BOTTOM OF THE 15TH |
|
Danville Braves batting - Pitching for Bristol Pirates : LHP Angel Juarez
|
|
Batting: RHB Ricardo Joya
|
0-0: SINGLE (Groundball, 4MD, EV 103.8 MPH)
|
|
Batting: RHB Vicente Guillen
|
0-0: Called Strike 0-1: Fielders Choice at 2nd, 1-6 (Groundball, 13S, EV 68.1 MPH)
|
|
Batting: RHB James Anderson
|
0-0: Swinging Strike 0-1: Foul Ball, location: 2F 0-2: Ball 1-2: Grounds into double play, 4-6-3 (Groundball, 34S, EV 93.1 MPH)
|
| Bottom of the 15th over - 0 runs, 1 hit, 0 errors, 0 left on base; Bristol 2 - Danville 2 |
| TOP OF THE 16TH |
|
Bristol Pirates batting - Pitching for Danville Braves : LHP Joel Littlejohn
|
|
Batting: LHB Sun-wei Kuai
|
0-0: Ball 1-0: Called Strike 1-1: Called Strike 1-2: Foul Ball, location: 2F 1-2: Ball 2-2: Ball 3-2: Strikes out swinging
|
|
Batting: RHB Ilija Panic
|
0-0: Ball 1-0: Foul Ball, location: 2F 1-1: Fly out, F8 (Flyball, 8LD, EV 97.5 MPH)
|
|
Batting: RHB Jon Solis
|
0-0: Foul Ball, location: 2F 0-1: Ball 1-1: Ball 2-1: Ball 3-1: Base on Balls
|
|
Batting: SHB Juan Ayala
|
0-0: Called Strike 0-1: Ball 1-1: Ball 2-1: Called Strike 2-2: Strikes out looking
|
| Top of the 16th over - 0 runs, 0 hits, 0 errors, 1 left on base; Bristol 2 - Danville 2 |
| BOTTOM OF THE 16TH |
|
Danville Braves batting - Pitching for Bristol Pirates : LHP Angel Juarez
|
|
Pitching: RHP Ray Maki
|
|
|
Batting: RHB Bart Stevensdick
|
0-0: Ball 1-0: Fly out, F9 (Flyball, 9LSF, EV 88.8 MPH)
|
|
Batting: RHB Chad Starnes
|
0-0: Ball 1-0: Foul Ball, location: 2F 1-1: Ball 2-1: Fly out, F8 (Flyball, 8LD, EV 107.5 MPH)
|
|
Batting: RHB Danny Dimas
|
0-0: Foul Ball, location: 2F 0-1: Called Strike 0-2: Ball 1-2: Strikes out swinging
|
| Bottom of the 16th over - 0 runs, 0 hits, 0 errors, 0 left on base; Bristol 2 - Danville 2 |
| TOP OF THE 17TH |
|
Bristol Pirates batting - Pitching for Danville Braves : LHP Joel Littlejohn
|
|
Batting: SHB Nathan Clement
|
0-0: Swinging Strike 0-1: Ball 1-1: Ball 2-1: Foul Ball, location: 2F 2-2: Foul Ball, location: 2F 2-2: Ball 3-2: Ground out 5-3 (Groundball, 56, EV 105.0 MPH)
|
|
Batting: RHB Oscar Munoz
|
0-0: Foul Ball, location: 2F 0-1: Ball 1-1: Ground out 4-3 (Groundball, 4, EV 87.5 MPH)
|
|
Batting: LHB Ernesto Gasca
|
0-0: Ball 1-0: Ground out U3 (Groundball, 3S, EV 66.2 MPH)
|
| Top of the 17th over - 0 runs, 0 hits, 0 errors, 0 left on base; Bristol 2 - Danville 2 |
| BOTTOM OF THE 17TH |
|
Danville Braves batting - Pitching for Bristol Pirates : RHP Ray Maki
|
|
Batting: RHB Richard Saquic
|
0-0: Ball 1-0: Ball 2-0: Foul Ball, location: 2F 2-1: Foul Ball, location: 2F 2-2: SINGLE (Groundball, 34D, EV 93.8 MPH)
|
|
Batting: RHB Rodolfo Cosme
|
0-0: Called Strike Richard Saquic steals 2nd base 0-1: Ball 1-1: Ball 2-1: Ground out 5-3 (Groundball, 56S, EV 81.9 MPH)
|
|
Batting: RHB Paul Holland
|
0-0: Intentional Walk
|
|
Batting: RHB Ricardo Joya
|
0-0: Called Strike 0-1: Called Strike 0-2: Strikes out swinging
|
|
Batting: RHB Vicente Guillen
|
0-0: Ball 1-0: SINGLE (Groundball, 6MD, EV 106.2 MPH) Richard Saquic to third Paul Holland to second Runner from 3rd tries for Home, SAFE, throw by CF to home
|
| Bottom of the 17th over - 1 run, 2 hits, 0 errors, 2 left on base; Bristol 2 - Danville 3 |
|